 Dungeon Crawl Stone Soup version 0.27-a0-1046-g98bf31544f (webtiles) character file.

Game seed: 15327260018427974717

58 Anon1729 the Cudgeller (level 3, -7/28 HPs)
             Began as a Palentonga Warper on Apr 19, 2021.
             Killed by divine providence
             ... invoked by an orc priest
              (10 damage)
             ... on level 3 of the Dungeon.
             The game lasted 00:02:18 (2785 turns).

Anon1729 the Cudgeller (Palentonga Warper)          Turns: 2785, Time: 00:02:18

Health: -7/28      AC:  4    Str: 15    XL:     3   Next: 76%
Magic:  6/6        EV:  9    Int: 13    God:
Gold:   153        SH:  0    Dex:  9    Spells: 6/6 levels left

rFire    . . .     SeeInvis +   a - +0 mace
rCold    . . .     Faith    .   (no shield)
rNeg     . . .     Spirit   .   b - +0 leather armour
rPois    .         Reflect  .   (no helmet)
rElec    .         Harm     .   (no cloak)
rCorr    .         Rampage  .   (no gloves)
Will     .....                  (no barding)
Stlth    +.........             (no amulet)
HPRegen  0.09/turn              (no ring)
MPRegen  0.10/turn              (no ring)

@: no status effects
A: large, rugged brown scales 3, see invisible, deformed body, roll 1, armoured
tail
a: Rolling Charge


You were on level 3 of the Dungeon.
You visited 1 branch of the dungeon, and saw 3 of its levels.

You collected 153 gold pieces.

Inventory:

Hand Weapons
 a - a +0 mace (weapon)
Missiles
 e - 4 boomerangs of dispersal
Armour
 b - a +0 leather armour (worn)
Scrolls
 c - 3 scrolls of identify {unknown}
 d - a scroll of blinking
 h - 2 scrolls of amnesia {unknown}
 j - a scroll of noise {unknown}
 m - 3 scrolls of fog {unknown}
Potions
 f - a potion of mutation {unknown}
 g - 2 potions of curing {unknown}
 i - a potion of invisibility {unknown}
 k - 2 potions of berserk rage {unknown}
 l - a potion of heal wounds {unknown}
 n - a potion of cancellation {unknown}


   Skills:
 - Level 2.0 Fighting
 + Level 3.7 Maces & Flails
 - Level 0.7 Throwing
 - Level 1.0 Armour
 - Level 1.7 Dodging
 - Level 2.1 Spellcasting
 - Level 3.0 Translocations


You had 6 spell levels left.
You didn't know any spells.
Your spell library contained the following spells:

 Spells                   Type           Power      Damage    Failure   Level
 Blink                    Tloc           N/A        N/A       13%         2
 Gell's Gravitas          Tloc           4%         N/A       26%         3
 Lesser Beckoning         Tloc           4%         N/A       26%         3
 Teleport Other           Tloc           9%         N/A       26%         3
 Corona                   Hex            1%         N/A       30%         1
 Ensorcelled Hibernation  Hex/Ice        2%         N/A       43%         2
 Confusing Touch          Hex            1%         N/A       67%         3
 Dazzling Flash           Conj/Hex       2%         N/A       67%         3
 Tukima's Dance           Hex            1%         N/A       67%         3
 Manifold Assault         Tloc           9%         N/A       94%         5


Dungeon Overview and Level Annotations

Branches:
Dungeon (3/15)

Altars:
Gozag
Makhleb
Nemelex Xobeh

Annotations:
D:3 1 transporter


Innate Abilities, Weirdness & Mutations

You are completely covered in rugged brown scales. (AC +3, +7% HP)
You have supernaturally acute eyesight. (SInv)
Armour fits poorly on your strangely shaped body.
You can roll at nearby foes to attack.
You have a long armoured tail.


Message History

The orc hits you with a +0 club. The orc priest hits you with a +0 club.
The orc hits you with a +0 dagger. The orc priest hits you with a +0 club.
The orc barely misses you.
You are too injured to fight recklessly!
You are too injured to fight recklessly!
You are too injured to fight recklessly!
You are too injured to fight recklessly!
You are too injured to fight recklessly!
You are too injured to fight recklessly!
You are too injured to fight recklessly!
You are too injured to fight recklessly!
You are too injured to fight recklessly!
You are too injured to fight recklessly!
You are too injured to fight recklessly!
You are too injured to fight recklessly!
You are too injured to fight recklessly!
You are too injured to fight recklessly!
You are too injured to fight recklessly!
You are too injured to fight recklessly!
You hit the orc priest but do no damage.
The orc priest is lightly wounded.
The orc hits you but does no damage. The orc barely misses you.
The orc priest hits you with a +0 club.
* * * LOW HITPOINT WARNING * * *
The orc closely misses you.
You closely miss the orc priest.
The orc priest is lightly wounded.
An orc comes into view. It is wielding a +0 short sword.
The orc priest hits you with a +0 club.
* * * LOW HITPOINT WARNING * * *
You hit the orc priest.
The orc priest is lightly wounded.
The orc priest hits you with a +0 club.
* * * LOW HITPOINT WARNING * * *
The orc hits you but does no damage.
You sock the orc priest!
The orc priest is severely wounded.
The orc priest mumbles some strange prayers to Beogh against you.
Beogh smites you!
You die...

...).........
.#..........#
.#..#...###.# ##
.#..#.#####.# # .#
##.##.......###. .#
#.##....##.....##o#
##+#####.##.# #o.o.#
#........##.#####o.#
#...............@oo#
#........##..####.##
#........##...<##.#
#........##.#####.#
#...........#####.#
#........##.......#
#.................#
#.......###.####.##
#.......# #.# #


You could see an orc priest and 4 orcs.

Vanquished Creatures
  A worm (D:2)
  4 ball pythons
  7 endoplasms
  2 giant cockroaches (D:2)
  5 goblins
  8 hobgoblins
  7 jackals
  5 bats
  5 frilled lizards
  3 kobolds
  2 rats
49 creatures vanquished.

Notes
Turn   | Place    | Note
-------+----------+-------------------------------------------
     0 | D:1      | Anon1729 the Palentonga Warper began the quest for the Orb.
     0 | D:1      | Reached XP level 1. HP: 17/17 MP: 3/3
   303 | D:1      | Reached skill level 1 in Armour
   305 | D:1      | Reached XP level 2. HP: 19/23 MP: 5/5
  1236 | D:1      | Reached XP level 3. HP: 10/28 MP: 6/6
  2227 | D:2      | Found a faded altar of an unknown god.
  2624 | D:3      | Found a burning altar of Makhleb.
  2624 | D:3      | Found a sparkling altar of Nemelex Xobeh.
  2624 | D:3      | Found an opulent altar of Gozag.
  2631 | D:3      | Found a transporter.
  2785 | D:3      | Killed from afar by an orc priest

Illustrated notes

Levels and vault maps discovered:
D:1:      dpeg_arrival_pond, layout_loops_ring, minmay_misc_feat_alley,
          minmay_tromino_v4_a
D:2:      layout_basic, shapermc_ecumenical_altar_hornbeckon,
          kennysheep_generic_room_6
D:3:      gammafunk_steamed_eel, layout_basic,
          gammafunk_temple_overflow_forgotten, serial_shops, shop,
          minmay_misc_feat_secret_circle, chequers_serial_rivers_micro_b

Skill      XL: |  1  2 |
---------------+-------+-----
Armour         | 1 |  1.0
Maces & Flails | 3 |  3.7
Fighting       | |  2.0
Throwing       | |  0.7
Dodging        | |  1.7
Spellcasting   | |  2.1
Translocations | |  3.0

Action                   || total
-------------------------++-------
Melee: Mace              ||   146
       Tailslap          ||     7
Throw: Boomerang         ||     1
 Abil: Rolling Charge    ||     5
Armor: Leather armour    ||    72
Dodge: Dodged            ||    84

Table legend: (Time is in decaauts)
 A = Elapsed time spent in this place.
 B = Non-inter-level travel time spent in this place.
 C = Inter-level travel time spent in this place.
 D = Time resting spent in this place.
 E = Time spent auto-exploring this place.
 F = Levels seen in this place.
 G = Mean time per level.
                   A        B        C        D        E       F      G
               +--------+--------+--------+--------+--------+-----+--------+
         Total |   2830 |   2746 |     84 |    157 |   2271 |   3 |  943.3 |
       Dungeon |   2830 |   2746 |     84 |    157 |   2271 |   3 |  943.3 |
               +--------+--------+--------+--------+--------+-----+--------+

Top non-repeatable levels by time:
     D:1: 1692 daAuts
     D:2: 805 daAuts
     D:3: 331 daAuts
